 Dungeon Crawl Stone Soup version 0.22-a0-512-g0943f25 (webtiles) character file.

16368 Mgcat the Severer (level 12, -3/86 HPs)
             Began as a Human Fighter on June 18, 2018.
             Was a High Priest of Okawaru.
             Slain by a minotaur
             ... wielding a +1 short sword of draining
              (5 damage)
             ... in a labyrinth.
             The game lasted 00:26:54 (11873 turns).

Mgcat the Severer (Human Fighter)                  Turns: 11873, Time: 00:26:55

Health: -3/86      AC: 21    Str: 21      XL:     12   Next: 69%
Magic:  15/15      EV:  8    Int:  8 (9)  God:    Okawaru [*****.]
Gold:   970        SH: 11    Dex: 16      Spells: 11/11 levels left

rFire    . . .     SeeInvis .   x - +7 war axe
rCold    . . .     Gourm    .   p - +2 shield
rNeg     . . .     Faith    .   C - +3 scale mail {rPois}
rPois    +         Spirit   .   e - +2 hat
rElec    .         Reflect  .   r - +2 cloak
rCorr    .         Harm     .   I - +2 pair of gloves
MR       +....                  b - +2 pair of boots
Stlth    ..........             z - amulet of rage {+Rage, !d}
HPRegen  0.24/turn              D - ring of wizardry {Wiz+, !d}
MPRegen  0.14/turn              v - +3 ring of dexterity

@: berserk cooldown, slowed, very heavily drained, very slow
A: antennae 1, deterioration 1, magic resistance 1, sense surroundings 1
a: Heroism, Finesse, Renounce Religion, Evoke Berserk Rage


You were in a labyrinth.
You worshipped Okawaru.
Okawaru was extremely pleased with you.
You were hungry.

You visited 3 branches of the dungeon, and saw 14 of its levels.
You also visited: Labyrinth.

You collected 970 gold pieces.

Inventory:

Hand Weapons
 x - a +7 war axe (weapon)
   (You took it off a wight on level 4 of the Dungeon)
Missiles
 w - a throwing net {=f, !d}
Armour
 b - a +2 pair of boots (worn)
   (You found it on level 7 of the Dungeon)
 e - a +2 hat (worn)
   (You found it on level 5 of the Dungeon)
 p - a +2 shield (worn)
   (You found it on level 2 of the Dungeon)
 r - a +2 cloak (worn)
   (You took it off Crazy Yiuf on level 2 of the Dungeon)
 C - a +3 scale mail of poison resistance (worn)
   (You found it on level 8 of the Dungeon)
 I - a +2 pair of gloves (worn)
   (You found it on level 10 of the Dungeon)
Jewellery
 o - an uncursed amulet of guardian spirit {Spirit}
   (You found it on level 5 of the Dungeon)
 v - a +3 ring of dexterity (right hand)
   (You took it off a kobold on level 3 of the Dungeon)
 z - an amulet of rage (around neck) {+Rage, !d}
   (You found it on level 4 of the Dungeon)
 D - a ring of wizardry (left hand) {Wiz+, !d}
   (You found it on level 6 of the Dungeon)
 K - an uncursed ring of ice {rC+, rF-}
   (You took it off Fannar on level 11 of the Dungeon)
Wands
 d - a wand of iceblast (9)
   (You found it on level 4 of the Dungeon)
 h - a wand of random effects (68)
   (You found it on level 8 of the Dungeon)
 s - a wand of clouds (15)
   (You found it on level 10 of the Dungeon)
 t - a wand of polymorph (10)
   (You took it off Dowan on level 7 of the Dungeon)
 y - a wand of enslavement (29)
   (You found it on level 8 of the Dungeon)
 B - a wand of paralysis (14)
   (You found it on level 8 of the Dungeon)
 G - a wand of flame (32)
   (You found it on level 9 of the Dungeon)
 M - a wand of digging (25)
   (You found it on level 11 of the Dungeon)
Scrolls
 g - 6 scrolls of teleportation
 i - 3 scrolls of remove curse
 l - 2 scrolls of blinking {!r}
 m - 2 scrolls of amnesia
 q - 5 scrolls of identify
Potions
 a - 3 potions of might
 c - 2 potions of agility
 j - a potion of cancellation
 k - 2 potions of lignification {!q}
 n - 2 potions of resistance
 u - a potion of invisibility
 A - a potion of haste
 H - a potion of brilliance
Comestibles
 f - 19 rations
 E - 2 chunks of flesh {@w0}


   Skills:
 - Level 5.0(2.0) Fighting
 + Level 15.3(11.5) Axes
 - Level 5.9(2.8) Armour
 - Level 5.2(2.2) Dodging
 - Level 5.0(2.0) Shields
 - Level 5.0(2.0) Invocations
 - Level 5.0(2.0) Evocations


You had 11 spell levels left.
You didn't know any spells.
Your spell library contained the following spells:

 Spells                   Type           Power        Failure   Level  Hunger
 Magic Dart               Conj           #...         91%         1    ##.....
 Conjure Flame            Conj/Fire      #.......     99%         3    ####...
 Slow                     Hex            #.......     97%         2    ###....
 Confuse                  Hex            #.......     99%         3    ####...
 Mephitic Cloud           Conj/Pois/Air  #.......     99%         3    ####...
 Blink                    Tloc           N/A          97%         2    ###....
 Call Imp                 Summ           #.......     97%         2    ###....
 Confusing Touch          Hex            #.....       91%         1    ##.....
 Metabolic Englaciation   Hex/Ice        #.........   100%        5    ######.
 Petrify                  Tmut/Erth      #.......     100%        4    #####..
 Gell's Gravitas          Tloc           #.........   99%         3    ####...
 Yara's Violent Unravell  Hex/Tmut       #.........   100%        5    ######.


Dungeon Overview and Level Annotations

Branches:
Dungeon (11/15)            Temple (1/1) D:7            Lair (2/6) D:8
    Orc (0/2) D:9
  Swamp: Lair:2-4    Shoals: Lair:2-4     Snake: Lair:2-4    Spider: Lair:2-4

Altars:
Ashenzari
Cheibriados
Fedhas
Kikubaaqudgha
Okawaru
Qazlal
Ru
Trog


Innate Abilities, Weirdness & Mutations

You have a pair of small antennae on your head.
Your body sometimes deteriorates upon taking damage.
You are resistant to hostile enchantments. (MR+)
You passively map a small area around you.


Message History

The world spins around you as you enter the gateway.
As you enter the labyrinth, previously moving walls settle noisily into place.
You hear the metallic echo of a distant snort before it fades into the rock.
Unknown command.
Unknown command.
Unknown command.
Unknown command.
Unknown command.
Okay, then.
Unknown command.
No exploration algorithm can help you here.
No exploration algorithm can help you here.
No exploration algorithm can help you here.
You feel a sudden draft!
You open the door.
A minotaur comes into view.
It is wielding a short sword of draining.
The minotaur bellows!
The minotaur throws a steel javelin.
The steel javelin hits you.
You start resting.
The minotaur is too close now for your liking.
The minotaur hits you but does no damage.
You feel drained. You block the minotaur's attack.
A red film seems to cover your vision as you go berserk!
You feel yourself moving faster!
You feel mighty!
You are feeling hungry.
The minotaur hits you with a short sword of draining.
You feel drained. You block the minotaur's attack.
You slash the minotaur!
The minotaur is lightly wounded.
The minotaur hits you with a short sword of draining!
You feel drained. The minotaur gores you!
You slash the minotaur!
The minotaur is moderately wounded.
You hit the minotaur but do no damage.
The minotaur is moderately wounded.
The minotaur hits you with a short sword of draining!
You feel drained.
The minotaur gores you but does no damage.
You hit the minotaur.
The minotaur is moderately wounded.
You hit the minotaur.
The minotaur is moderately wounded.
The minotaur completely misses you.
The minotaur gores you but does no damage.
You slash the minotaur!
The minotaur is heavily wounded.
You slice the minotaur!!
The minotaur is severely wounded.
You block the minotaur's attack. The minotaur gores you.
You completely miss the minotaur.
The minotaur furiously retaliates!
The minotaur headbutts you.
The minotaur is severely wounded.
The minotaur completely misses you. You block the minotaur's attack.
You slash the minotaur!
The minotaur is almost dead.
You barely miss the minotaur.
The minotaur is almost dead.
The minotaur hits you with a short sword of draining!!
You feel drained. The minotaur gores you.
* * * LOW HITPOINT WARNING * * *
You closely miss the minotaur.
The minotaur is almost dead.
You hit the minotaur but do no damage.
The minotaur is almost dead.
The minotaur hits you with a short sword of draining!
* * * LOW HITPOINT WARNING * * *
You feel drained.
* * * LOW HITPOINT WARNING * * *
The minotaur misses you.
You hit the minotaur.
The minotaur is almost dead.
The minotaur hits you but does no damage.
You feel drained.
The minotaur gores you but does no damage.
Your shield and scale mail prevent you from hitting the minotaur.
The minotaur is almost dead.
You hit the minotaur.
The minotaur is almost dead.
The minotaur drinks a potion.
The minotaur is healed!
You completely miss the minotaur.
The minotaur is severely wounded.
The minotaur hits you but does no damage.
You feel drained.
The minotaur gores you but does no damage.
You hit the minotaur but do no damage.
The minotaur is severely wounded.
You barely miss the minotaur.
The minotaur furiously retaliates!
The minotaur headbutts you, but does no damage.
The minotaur is severely wounded.
You block the minotaur's attack.
The minotaur gores you but does no damage.
You slash the minotaur!
The minotaur is almost dead.
You are no longer berserk.
You are exhausted.
You feel yourself slow down.
The minotaur hits you with a short sword of draining!
* * * LOW HITPOINT WARNING * * *
Your body deteriorates!
You feel dopey.
You feel drained.
You die...

###### . ... # .
#.#######.### .
...........# ###
####.#.##.H(.....
# .. .........@##
##. ... . #
##.####.# .8
.###. . #... .
..#..# # .. . #
##..# .8# # .. .
.# ...# .[# .#
### # #.##.# H8#
# .#. .# #. ..#
.?# # #.# # .#
..# ... . ..#


You could see a minotaur.

Vanquished Creatures
  Erolcha (D:11)
  Fannar (D:11)
  Erica (D:8)
  4 two-headed ogres
  Pikel (D:5)
  An ugly thing (D:10)
  A cyclops (D:11)
  Joseph (D:8)
  A gargoyle (D:11)
  A spiny frog (Lair:2)
  2 komodo dragons
  A red devil (D:9)
  Prince Ribbit (D:6)
  A troll (D:11)
  5 hippogriffs
  Sigmund (D:2)
  A spriggan (D:8)
  A wyvern (D:11)
  Edmund (D:5)
  14 two-headed ogre zombies (D:11)
  4 water moccasins
  Duvessa (D:7)
  A slave (D:5)
  An orc warrior (D:11)
  4 ice beasts
  A phantom (D:6)
  A sky beast (D:5)
  4 ogres
  A necrophage (D:11)
  3 centaurs
  3 crocodiles (Lair:1)
  3 big kobolds (D:9)
  7 bullfrogs
  Dowan (D:7)
  5 scorpions
  9 killer bees
  7 wights
  3 howler monkeys
  6 crimson imps
  A centaur zombie (D:5)
  A quasit (D:11)
  A bullfrog zombie (D:10)
  5 hounds
  3 orc priests
  4 jellies
  A bullfrog skeleton (D:10)
  Crazy Yiuf (D:2)
  3 centaur skeletons
  4 orc wizards
  Natasha (thrice) (D:3)
  6 worker ants
  A hound zombie (D:6)
  A hound skeleton (D:11)
  8 gnolls
  A worker ant zombie (D:11)
  12 adders
  A howler monkey skeleton (D:9)
  4 shadow imps
  An adder skeleton (D:5)
  2 adder zombies (D:8)
  2 worms (D:2)
  A dart slug (D:1)
  7 leopard geckos
  39 orcs
  A ball python (D:2)
  7 bats
  5 giant cockroaches
  12 goblins
  13 hobgoblins
  17 jackals
  2 quokkas
  3 frilled lizards
  19 kobolds
  A leopard gecko zombie (D:5)
  13 rats
312 creatures vanquished.

Vanquished Creatures (others)
  A slave (D:5)
  A worker ant (D:5)
  An adder (D:5)
3 creatures vanquished.

Grand Total: 315 creatures vanquished

Notes
Turn   | Place    | Note
-------+----------+-------------------------------------------
     0 | D:1      | Mgcat the Human Fighter began the quest for the Orb.
     0 | D:1      | Reached XP level 1. HP: 18/18 MP: 1/1
    91 | D:1      | Reached XP level 2. HP: 24/24 MP: 2/2
   162 | D:1      | Reached skill level 3 in Axes
   187 | D:1      | Reached XP level 3. HP: 12/29 MP: 3/3
  1150 | D:2      | Noticed Sigmund
  1157 | D:2      | Killed Sigmund
  1157 | D:2      | Reached skill level 5 in Axes
  1157 | D:2      | Reached XP level 4. HP: 15/35 MP: 4/4
  1157 | D:2      | Reached XP level 5. HP: 17/41 MP: 5/5
  1157 | D:2      | Reached XP level 6. HP: 20/47 MP: 6/6
  1501 | D:2      | Reached skill level 6 in Axes
  1951 | D:2      | Found a runed door.
  1955 | D:2      | Noticed Crazy Yiuf
  1958 | D:2      | Killed Crazy Yiuf
  2332 | D:3      | Noticed Natasha
  2350 | D:3      | Killed Natasha
  2368 | D:3      | Reached skill level 7 in Axes
  2368 | D:3      | Reached XP level 7. HP: 41/52 MP: 7/7
  2451 | D:3      | Noticed Natasha
  2458 | D:3      | Killed Natasha
  2496 | D:3      | HP: 13/52 [poisoned by kobold (curare-tipped needle)]
  2504 | D:3      | HP: 13/52 [poisoned by kobold (curare-tipped needle)]
  2571 | D:3      | Noticed Natasha
  2579 | D:3      | Killed Natasha
  3316 | D:4      | HP: 13/52 [wight/hand axe of freezing (2)]
  3320 | D:4      | Reached skill level 1 in Evocations
  3321 | D:4      | Reached skill level 8 in Axes
  3382 | D:4      | HP: 10/52 [adder (4)]
  3383 | D:4      | Gained mutation: You are resistant to hostile enchantments. (MR+) [potion of mutation]
  3383 | D:4      | Gained mutation: You passively map a small area around you. [potion of mutation]
  3383 | D:4      | Gained mutation: Your body sometimes deteriorates upon taking damage. [potion of mutation]
  3383 | D:4      | Gained mutation: You have a pair of small antennae on your head. [potion of mutation]
  3600 | D:4      | Reached skill level 2 in Evocations
  3600 | D:4      | Reached XP level 8. HP: 50/58 MP: 9/9
  4123 | D:5      | Entered Level 5 of the Dungeon
  4197 | D:5      | Found a blossoming altar of Fedhas.
  4224 | D:5      | Noticed Edmund
  4242 | D:5      | Killed Edmund
  4242 | D:5      | Reached skill level 3 in Evocations
  4537 | D:5      | Noticed Pikel
  4553 | D:5      | Killed Pikel
  4553 | D:5      | Reached skill level 9 in Axes
  4553 | D:5      | Reached skill level 5 in Evocations
  4553 | D:5      | Reached XP level 9. HP: 60/63 MP: 10/12
  4581 | D:5      | Reached skill level 10 in Axes
  4922 | D:6      | Noticed Prince Ribbit
  5047 | D:6      | Killed Prince Ribbit
  5242 | D:6      | Reached skill level 11 in Axes
  5658 | D:7      | Found a staircase to the Ecumenical Temple.
  5676 | Temple   | Entered the Ecumenical Temple
  5684 | Temple   | Became a worshipper of Warmaster Okawaru
  5795 | D:7      | Reached XP level 10. HP: 57/70 MP: 13/13
  5836 | D:7      | Noticed Duvessa
  5846 | D:7      | Killed Duvessa
  5847 | D:7      | Noticed Dowan
  5855 | D:7      | Killed Dowan
  5855 | D:7      | Reached skill level 12 in Axes
  6472 | D:8      | Reached * piety under Okawaru
  6623 | D:8      | Reached skill level 13 in Axes
  6668 | D:8      | Found a staircase to the Lair.
  6755 | D:8      | Noticed a two-headed ogre
  6760 | D:8      | Killed a two-headed ogre
  6771 | D:8      | Noticed Joseph
  6795 | D:8      | Killed Joseph
  6795 | D:8      | Reached ** piety under Okawaru
  6823 | D:8      | Noticed Erica
  6836 | D:8      | Killed Erica
  6836 | D:8      | Reached skill level 14 in Axes
  6841 | D:8      | Noticed a two-headed ogre
  6852 | D:8      | HP: 10/70 [two-headed ogre/giant club (13)]
  6854 | D:8      | Killed a two-headed ogre
  6854 | D:8      | Reached *** piety under Okawaru
  6854 | D:8      | Reached skill level 4 in Fighting
  6854 | D:8      | Reached XP level 11. HP: 12/78 MP: 11/14
  7278 | D:9      | Reached skill level 5 in Fighting
  7475 | D:9      | Reached skill level 4 in Armour
  7495 | D:9      | Found an ancient bone altar of Kikubaaqudgha.
  7712 | D:9      | Noticed a two-headed ogre
  7730 | D:9      | Killed a two-headed ogre
  7730 | D:9      | Reached skill level 5 in Armour
  7908 | D:9      | Found a staircase to the Orcish Mines.
  8079 | D:9      | Reached skill level 1 in Dodging
  8112 | D:9      | Noticed a two-headed ogre
  8115 | D:9      | Reached skill level 2 in Dodging
  8121 | D:9      | Killed a two-headed ogre
  8121 | D:9      | Reached **** piety under Okawaru
  8121 | D:9      | Reached skill level 3 in Dodging
  8427 | D:10     | Entered Level 10 of the Dungeon
  8498 | D:10     | Noticed a green ugly thing
  8511 | D:10     | Killed a green ugly thing
  8511 | D:10     | Reached skill level 4 in Dodging
  8785 | D:10     | Reached skill level 5 in Dodging
  9371 | D:11     | Reached skill level 4 in Shields
  9384 | D:11     | Noticed Fannar
  9413 | D:11     | Killed Fannar
  9413 | D:11     | Reached ***** piety under Okawaru
  9413 | D:11     | Reached skill level 5 in Shields
  9418 | D:11     | Got a faintly glowing robe
  9677 | D:11     | Reached skill level 1 in Invocations
  9685 | D:11     | Reached XP level 12. HP: 85/86 MP: 15/15
  9709 | D:11     | Reached skill level 2 in Invocations
  9975 | D:11     | Reached skill level 3 in Invocations
 10084 | D:11     | Reached skill level 4 in Invocations
 10138 | D:11     | Reached skill level 5 in Invocations
 10266 | D:11     | Noticed Erolcha
 10294 | D:11     | Killed Erolcha
 10323 | D:11     | HP: 13/86 [two-headed ogre zombie (9)]
 10329 | D:11     | HP: 11/86 [two-headed ogre zombie (10)]
 10817 | D:11     | Reached skill level 15 in Axes
 11072 | Lair:1   | Entered Level 1 of the Lair of Beasts
 11245 | Lair:1   | Got a twisted ring mail
 11256 | Lair:1   | Identified the +1 ring mail of Poor Excuses {rElec} (You found it on level 1 of the Lair of Beasts)
 11734 | Lair:2   | Found a labyrinth entrance.
 11766 | Lab      | Entered a labyrinth
 11845 | Lab      | Noticed a minotaur
 11866 | Lab      | HP: 22/129 [minotaur/short sword of draining (13)]
 11873 | Lab      | HP: 2/86 [minotaur/short sword of draining (13)]
 11873 | Lab      | Slain by a minotaur

Vault maps used:
D:1:      lemuel_arrival_lava_pool, st_stairs_11, kennysheep_decorative_pillar,
          lemuel_flame_loot_1
D:2:      uniq_crazy_yiuf_cottage, uniq_sigmund
D:3:      uniq_natasha
D:5:      kennysheep_mini_moat, first_ration, uniq_edmund, uniq_pikel
D:6:      uniq_prince_ribbit1
D:7:      minmay_temple_entry_mist, minmay_misc_feat_rows, uniq_duvessa
D:8:      lair_entry_dummy, the_bakery, uniq_erica, uniq_joseph
D:9:      orc_0_dummy, amethyst_killhole, lemuel_hellish_altar
D:11:     lemuel_ogre_cave, lightli_bailey_entry_fortress, minmay_liquid_box,
          uniq_fannar
Temple:   nicolae_temple_the_god_donut
Lair:1:   grunt_megastairs_3
Lair:2:   spider_nest_entry_web_field, lab_entry_generic
Lab:      nicolae_lab_dead_adventurers, nicolae_lab_dead_end, labyrinth_glass_2,
          nicolae_lab_garden

Skill      XL: |  1  2  3  4  5  6  7  8  9 10 11 12 |
---------------+-------------------------------------+-----
Axes           | 3 5 7 8 9 11 14 15 | 15.3
Evocations     | 2 5 |  5.0
Fighting       | 4 5 |  5.0
Armour         | 5 |  5.9
Dodging        | 5 |  5.2
Shields        | 5 |  5.0
Invocations    | 1 5 |  5.0

Action                   |  1- 3 |  4- 6 |  7- 9 | 10-12 || total
-------------------------+-------+-------+-------+-------++-------
Melee: War axe           |    82 |   145 |   310 |   596 ||  1133
Invok: Heroism           |       |       |       |     6 ||     6
       Finesse           |       |       |       |     1 ||     1
 Abil: Evoke Berserk Rag |       |       |       |     4 ||     4
  Use: Potion            |     1 |       |     3 |     2 ||     6
       Scroll            |       |       |    19 |     9 ||    28
 Stab: Distracted        |       |       |     1 |       ||     1
  Eat: Chunk             |     1 |     4 |    12 |    22 ||    39
Armor: Scale mail        |    31 |    22 |       |   177 ||   230
       Chain mail        |       |    56 |   115 |    11 ||   182
       Skin              |       |       |     3 |       ||     3
Dodge: Dodged            |    27 |    35 |    44 |   150 ||   256
Block: Shield            |    45 |    86 |   149 |   290 ||   570

Table legend:
 A = Spawn XP
 B = Non-spawn XP
 C = Spawn XP percentage of total XP
 D = Spawn monster count
 E = Non-spawn monster count
 F = Spawn count percentage of total count
 G = Total turns spent on level
                    A         B        C        D         E        F      G
               +---------+---------+-------+---------+---------+-------+---------
         Total |       0 |   23383 |   0.0 |       0 |     311 |   0.0 | 11873
               +---------+---------+-------+---------+---------+-------+---------
           D:1 |       0 |      49 |   0.0 |       0 |      28 |   0.0 |  1150
           D:2 |       0 |     318 |   0.0 |       0 |      22 |   0.0 |   853
           D:3 |       0 |     291 |   0.0 |       0 |      36 |   0.0 |  1038
           D:4 |       0 |     438 |   0.0 |       0 |      16 |   0.0 |  1082
           D:5 |       0 |    1523 |   0.0 |       0 |      19 |   0.0 |   739
           D:6 |       0 |     963 |   0.0 |       0 |      15 |   0.0 |   768
           D:7 |       0 |     930 |   0.0 |       0 |      12 |   0.0 |   686
           D:8 |       0 |    4050 |   0.0 |       0 |      17 |   0.0 |   981
           D:9 |       0 |    3448 |   0.0 |       0 |      48 |   0.0 |  1170
          D:10 |       0 |    1734 |   0.0 |       0 |      26 |   0.0 |   879
          D:11 |       0 |    7609 |   0.0 |       0 |      60 |   0.0 |  1712
        Lair:1 |       0 |    1249 |   0.0 |       0 |       8 |   0.0 |   662
        Lair:2 |       0 |     781 |   0.0 |       0 |       4 |   0.0 |    32
               +---------+---------+-------+---------+---------+-------+---------

Vault maps used:
D:1:      lemuel_arrival_lava_pool, st_stairs_11, kennysheep_decorative_pillar,
          lemuel_flame_loot_1
D:2:      uniq_crazy_yiuf_cottage, uniq_sigmund
D:3:      uniq_natasha
D:5:      kennysheep_mini_moat, first_ration, uniq_edmund, uniq_pikel
D:6:      uniq_prince_ribbit1
D:7:      minmay_temple_entry_mist, minmay_misc_feat_rows, uniq_duvessa
D:8:      lair_entry_dummy, the_bakery, uniq_erica, uniq_joseph
D:9:      orc_0_dummy, amethyst_killhole, lemuel_hellish_altar
D:11:     lemuel_ogre_cave, lightli_bailey_entry_fortress, minmay_liquid_box,
          uniq_fannar
Temple:   nicolae_temple_the_god_donut
Lair:1:   grunt_megastairs_3
Lair:2:   spider_nest_entry_web_field, lab_entry_generic
Lab:      nicolae_lab_dead_adventurers, nicolae_lab_dead_end, labyrinth_glass_2,
          nicolae_lab_garden

Table legend:
 A = Turns spent in this place as a percentage of turns spent in the entire game.
 B = Non-inter-level travel turns spent in this place as a percentage of non-inter-level travel turns spent in the entire game.
 C = Inter-level travel turns spent in this place as a percentage of turns spent in this place.
 D = Turns resting spent in this place as a percentage of non-inter-level travel turns spent in this place.
 E = Turns spent auto-exploring this place as a percentage of non-inter-level travel turns spent in this place.
 F = Non-inter-level travel turns spent in this place divided by the number of levels of this place that you've seen.
                   A       B       C       D       E      F
               +-------+-------+-------+-------+-------+----------------------
         Total | 100.0 | 100.0 |   4.2 |   0.4 |  78.9 | 758.7
       Dungeon |  93.1 |  93.0 |   4.3 |   0.4 |  79.7 | 961.7
        Temple |   0.1 |   0.1 |   0.0 |   0.0 |   0.0 |  14.0
          Lair |   5.8 |   6.0 |   2.0 |   0.0 |  81.6 | 340.0
     Labyrinth |   0.9 |   0.9 |   0.0 |   4.7 |   0.0 | 107.0
               +-------+-------+-------+-------+-------+----------------------

Table legend:
 A = Kills in this place as a percentage of kills in entire the game.
 B = Kills by you in this place as a percentage of kills by you in the entire game.
 C = Kills by friends in this place as a percentage of kills by friends in the entire game.
 D = Other kills in this place as a percentage of other kills in the entire game.
 E = Experience gained in this place as a percentage of experience gained in the entire game.
 F = Experience gained in this place divided by the number of levels of this place that you have seen.
                   A       B       C       D       E      F
               +-------+-------+-------+-------+-------+----------------------
         Total | 100.0 | 100.0 |   N/A |   N/A | 100.0 | 1558.9
       Dungeon |  96.1 |  96.1 |   N/A |   N/A |  91.3 | 1941.2
          Lair |   3.9 |   3.9 |   N/A |   N/A |   8.7 | 1015.0
               +-------+-------+-------+-------+-------+----------------------
